 Dungeon Crawl Stone Soup version 0.23-a0-136-g722f094 (webtiles) character file.

2370 Kikal the Grappler (level 9, -2/69 HPs)
             Began as a Mummy Monk on Aug 27, 2018.
             Was a Priest of Trog.
             Slain by a killer bee (7 damage)
             ... on level 7 of the Dungeon on Aug 28, 2018.
             The game lasted 00:33:42 (9847 turns).

Kikal the Grappler (Mummy Monk)                     Turns: 9847, Time: 00:33:43

Health: -2/69      AC:  8    Str: 18    XL:     9   Next: 21%
Magic:  9/9        EV: 12    Int:  9    God:    Trog [***...]
Gold:   268        SH:  4    Dex: 14    Spells: 8/8 levels left

rFire    x . .     SeeInvis .     - Unarmed
rCold    + + .     Gourm    .   (no shield)
rNeg     + + +     Faith    .   d - +0 ring mail
rPois    ∞         Spirit   .   (no helmet)
rElec    .         Reflect  +   j - +0 cloak
rCorr    +         Harm     .   (no gloves)
MR       +++..                  q - +0 pair of boots
Stlth    +.........             m - +4 amulet of reflection
HPRegen  1.21/turn              b - ring of resist corrosion (curse)
MPRegen  0.11/turn              s - ring of protection from cold

@: about to teleport, very slightly contaminated, regenerating
A: no food or potions, fire vulnerability, cold resistance 1, negative energy
resistance 3, torment resistance, unbreathing
a: Trog's Hand, Renounce Religion


You were on level 7 of the Dungeon.
You worshipped Trog.
Trog was most pleased with you.
You were not hungry.

You visited 1 branch of the dungeon, and saw 7 of its levels.

You collected 268 gold pieces.

Inventory:

Hand Weapons
 i - a +0 hunting sling
 x - the +6 quarterstaff of Ravage {drain, rN++ Dex+3, unknown}
   (You found it on level 7 of the Dungeon)

   A truly terrible weapon, it drains the life of those it strikes.
   It affects your dexterity (+3).
   It greatly protects you from negative energy.
Missiles
 e - 8 javelins
 f - 122 stones (quivered)
 l - 4 silver tomahawks
Armour
 d - a +0 ring mail (worn)
 j - a +0 cloak (worn)
 o - the +1 robe of Pride {rPois MR+ Int+4 Stlth-, unknown}
   (You found it on level 4 of the Dungeon)

   It affects your intelligence (+4).
   It protects you from poison.
   It affects your resistance to hostile enchantments.
   It makes you less stealthy.
 q - a +0 pair of boots (worn)
Jewellery
 b - a cursed ring of resist corrosion (left hand)
 m - a +4 amulet of reflection (around neck)
 s - a ring of protection from cold (right hand)
 v - an uncursed ring of protection from cold
Wands
 p - a wand of scattershot (4)
 y - a wand of acid (6)
Scrolls
 c - a scroll of random uselessness {unknown}
 g - 3 scrolls of fog
 h - a scroll of immolation {unknown}
 k - 3 scrolls of identify
 n - a scroll of teleportation
 r - 2 scrolls of magic mapping
 t - a scroll of enchant weapon {unknown}
 u - 2 scrolls of remove curse {unknown}
 w - a scroll of holy word {unknown}


   Skills:
 - Level 6.0 Fighting
 + Level 4.6 Armour
 - Level 2.4 Dodging
 - Level 1.5 Stealth
 + Level 8.4 Unarmed Combat


You had 8 spell levels left.
You didn't know any spells.
Your spell library was empty.

Dungeon Overview and Level Annotations

Branches:
Dungeon (7/15)             Temple (0/1) D:5

Altars:
Cheibriados
Elyvilon
Nemelex Xobeh
Okawaru
Trog
Uskayaw

Shops:
D:5 (   D:7 *=:%

Annotations:
D:6 3 runed doors, Blork the orc; WinstonMain's ghost, novice TrMo


Innate Abilities, Weirdness & Mutations

You do not eat or drink.
Your flesh is vulnerable to fire.
You are immune to poison.
Your flesh is cold resistant. (rC+)
You are immune to negative energy. (rN+++)
You are immune to unholy pain and torment.
You can survive without breathing.


Message History

The killer bee closely misses you. The killer bee stings you.
You take 2 damage, and have 23/69 hp.
You hit the killer bee. The killer bee stings you!
* * * LOW HITPOINT WARNING * * *
The killer bee stings you.
* * * LOW HITPOINT WARNING * * *
The killer bee stings you.
* * * LOW HITPOINT WARNING * * *
You take 17 damage, and have 6/69 hp.
MASSIVE DAMAGE!!
Blink to where?
You are very lightly contaminated with residual magic.
As you read the scroll of blinking, it crumbles to dust.
As you read the scroll of teleportation, it crumbles to dust.
You feel strangely unstable.
The killer bee stings you but does no damage.
The killer bee stings you.
* * * LOW HITPOINT WARNING * * *
You take 3 damage, and have 4/69 hp.
The killer bee stings you!
You die...

####### #########
#...... ...$...§#
#...... #[#####.###
#...... #..y# #......
###y############......
#.y@.........'......
##############......
..............
####################
#.........#
#.........#
#.........#
#.........#
#.........#


You could see 2 killer bees.

Vanquished Creatures
  Grinder (D:6)
  Prince Ribbit (D:6)
  Duvessa (D:5)
  A sky beast (D:5)
  A phantom (D:4)
  3 centaurs
  A big kobold (D:7)
  3 bullfrogs
  Dowan (D:5)
  A scorpion (D:4)
  2 killer bees (D:7)
  3 crimson imps
  2 bullfrog zombies
  3 hounds
  An iron imp (D:7)
  2 centaur skeletons (D:6)
  2 bullfrog skeletons (D:5)
  6 orc wizards
  2 iguanas
  2 worker ants
  A hound skeleton (D:3)
  A howler monkey zombie (D:5)
  A worker ant zombie (D:6)
  8 gnolls
  9 adders
  2 oozes (D:3)
  An adder skeleton (D:4)
  3 worms
  2 dart slugs
  2 leopard geckos
  14 orcs
  6 giant cockroaches
  9 goblins
  3 hobgoblins
  7 jackals
  11 kobolds
  2 quokkas
  7 bats
  2 frilled lizards
  A jackal skeleton (D:4)
  A quokka skeleton (D:6)
  2 rats (D:3)
  A bush (D:4)
  A plant (D:4)
136 creatures vanquished.

Notes
Turn   | Place    | Note
-------+----------+-------------------------------------------
     0 | D:1      | Kikal the Mummy Monk began the quest for the Orb.
     0 | D:1      | Reached XP level 1. HP: 18/18 MP: 1/1
   433 | D:1      | Upgraded the game from 0.23-a0-130-g0e7800e to
                  | 0.23-a0-136-g722f094
   551 | D:1      | Reached skill level 3 in Unarmed Combat
   551 | D:1      | Reached XP level 2. HP: 9/24 MP: 2/2
  1690 | D:2      | Reached XP level 3. HP: 13/29 MP: 3/3
  2033 | D:2      | Found a bloodstained altar of Trog.
  2046 | D:2      | Became a worshipper of Trog the Wrathful
  2046 | D:2      | Reached * piety under Trog
  2046 | D:2      | Reached ** piety under Trog
  2656 | D:3      | Reached skill level 4 in Unarmed Combat
  2710 | D:3      | Reached XP level 4. HP: 34/35 MP: 4/4
  3198 | D:3      | Reached XP level 5. HP: 38/41 MP: 5/5
  3245 | D:3      | Reached skill level 1 in Armour
  3245 | D:3      | Reached skill level 5 in Unarmed Combat
  3672 | D:3      | Reached *** piety under Trog
  3882 | D:4      | Noticed a hippogriff
  3929 | D:3      | Reached XP level 6. HP: 42/47 MP: 6/6
  4449 | D:5      | Entered Level 5 of the Dungeon
  4645 | D:5      | Reached skill level 2 in Armour
  5501 | D:4      | Got a slimy robe
  5552 | D:4      | Found a hide-covered altar of Uskayaw.
  5568 | D:4      | Found a sparkling altar of Nemelex Xobeh.
  5568 | D:4      | Found a faded altar of an unknown god.
  5573 | D:4      | Found a white marble altar of Elyvilon.
  5575 | D:4      | Found an iron altar of Okawaru.
  5576 | D:4      | Found a faded altar of an unknown god.
  5663 | D:4      | Reached skill level 6 in Unarmed Combat
  5663 | D:4      | Reached XP level 7. HP: 32/52 MP: 7/7
  5842 | D:5      | Reached skill level 4 in Fighting
  6590 | D:5      | Found a staircase to the Ecumenical Temple.
  6678 | D:5      | Noticed Duvessa
  6693 | D:5      | Killed Duvessa
  6693 | D:5      | Reached skill level 5 in Fighting
  6695 | D:5      | Noticed Dowan
  6711 | D:5      | Killed Dowan
  6791 | D:5      | Reached XP level 8. HP: 53/62 MP: 8/8
  7121 | D:5      | Found Pacokub's Weapon Shop.
  7322 | D:5      | HP: 1/63 [orc warrior/long sword (13)]
  7522 | D:6      | Noticed Grinder
  7533 | D:6      | Paralysed by Grinder for 3 turns
  7543 | D:6      | Killed Grinder
  7543 | D:6      | Reached skill level 6 in Fighting
  7543 | D:6      | Reached skill level 7 in Unarmed Combat
  7778 | D:6      | Found a runed gate.
  7778 | D:6      | Found a runed gate.
  7778 | D:6      | Found a runed gate.
  7789 | D:6      | Noticed WinstonMain's ghost (novice TrMo)
  7971 | D:6      | Reached skill level 3 in Armour
  7997 | D:6      | Noticed Prince Ribbit
  8527 | D:6      | Killed Prince Ribbit
  8527 | D:6      | Reached skill level 4 in Armour
  8527 | D:6      | Reached skill level 8 in Unarmed Combat
  8649 | D:6      | Noticed Blork the orc
  8680 | D:6      | Reached XP level 9. HP: 34/69 MP: 9/9
  8974 | D:7      | Found Honiogan's Book Shoppe.
  9287 | D:7      | Found a snail-covered altar of Cheibriados.
  9317 | D:7      | Got a steaming quarterstaff
  9319 | D:7      | Found Iced's General Store.
  9368 | D:7      | Found Aloemoy's Jewellery Shoppe.
  9725 | D:7      | Found Jicw's Food Emporium.
  9847 | D:7      | Slain by a killer bee

Vault maps used:
D:1:      dpeg_arrival_water_fire
D:2:      trog_book
D:3:      first_ration
D:4:      chequers_temple_overflow_minitemple, kennysheep_mini, serial_forest,
          infiniplex_forest_clump_cross, infiniplex_forest_end_double,
          infiniplex_forest_clump_tiny, infiniplex_forest_lined_4_way,
          infiniplex_forest_clump_double, infiniplex_forest_end_1,
          infiniplex_forest_clump_diagonal
D:5:      temple_green, serial_shops, shop, uniq_duvessa
D:6:      gammafunk_ghost_necromancy, uniq_grinder, uniq_prince_ribbit1,
          uniq_blork_the_orc
D:7:      slow_altar_1, serial_shops, shop_statue, nicolae_shop_stone,
          nicolae_shop_behind_doors, shop, enter_ossuary_5

Skill      XL: |  1  2  3  4  5  6  7  8 |
---------------+-------------------------+-----
Unarmed Combat | 3 4 5 6 8 |  8.4
Armour         | 1 2 4 |  4.6
Fighting       | 5 6 |  6.0
Dodging        | |  2.4
Stealth        | |  1.5

Action                   |  1- 3 |  4- 6 |  7- 9 || total
-------------------------+-------+-------+-------++-------
Melee: Unarmed           |   135 |   432 |   382 ||   949
       Punch             |     1 |    17 |    15 ||    33
 Fire: Hunting sling     |       |     3 |     2 ||     5
Throw: Javelin           |     1 |       |     1 ||     2
       Stone             |       |     3 |     6 ||     9
Invok: Trog's Hand       |       |     2 |     6 ||     8
  Use: Scroll            |       |       |     6 ||     6
 Stab: Sleeping          |     1 |       |     1 ||     2
Armor: Ring mail         |    62 |    93 |   105 ||   260
Dodge: Dodged            |    87 |   143 |   152 ||   382
Block: Other             |       |     4 |    38 ||    42

Table legend:
 A = Non-vault XP
 B = Vault XP
 C = Vault XP percentage of total XP
 D = Non-vault monster count
 E = Vault monster count
 F = Vault count percentage of total count
                 A         B        C        D         E       F
            +---------+---------+-------+---------+---------+-------
      Total |    2537 |     850 |  25.1 |     129 |       5 |   3.7
            +---------+---------+-------+---------+---------+-------
        D:1 |      17 |       0 |   0.0 |       9 |       0 |   0.0
        D:2 |      51 |       0 |   0.0 |      11 |       0 |   0.0
        D:3 |     319 |       0 |   0.0 |      40 |       0 |   0.0
        D:4 |     287 |       0 |   0.0 |      14 |       0 |   0.0
        D:5 |     647 |     220 |  25.4 |      14 |       2 |  12.5
        D:6 |     766 |     586 |  43.3 |      23 |       2 |   8.0
        D:7 |     450 |      44 |   8.9 |      18 |       1 |   5.3
            +---------+---------+-------+---------+---------+-------
